 Dungeon Crawl Stone Soup version 0.23-a0-181-g24f899a (webtiles) character file.

1544 chorionicmirror the Carver (level 8, 0/65 HPs)
             Began as a Demonspawn Gladiator on Sept 19, 2018.
             Was an Initiate of Makhleb.
             Succumbed to a worker ant's poison
             ... on level 5 of the Dungeon.
             The game lasted 00:22:26 (4704 turns).

chorionicmirror the Carver (Demonspawn Gladiator)   Turns: 4704, Time: 00:22:29

Health: 0/65       AC: 12    Str: 14 (16) XL:     8   Next: 56%
Magic:  17/17      EV: 13    Int: 10 (11) God:    Makhleb [......]
Gold:   314        SH:  0    Dex: 12 (14) Spells: 7/7 levels left

rFire    . . .     SeeInvis .   a - +1 long sword
rCold    . . .     Gourm    .   (no shield)
rNeg     + . .     Faith    .   r - +2 animal skin
rPois    .         Spirit   .   t - +2 helmet
rElec    .         Reflect  .   x - +2 cloak
rCorr    .         Harm     .   (no gloves)
MR       .....                  (no boots)
Stlth    +.........             l - amulet of magic regeneration
HPRegen  0.20/turn              o - ring of magical power
MPRegen  0.40/turn              s - ring of positive energy

@: lethally poisoned (0 -> -2), berserk cooldown
A: claws 1, icy blue scales 1
a: Renounce Religion


You were on level 5 of the Dungeon.
You worshipped Makhleb.
Makhleb was noncommittal.
You were completely stuffed.

You visited 1 branch of the dungeon, and saw 5 of its levels.

You collected 314 gold pieces.

Inventory:

Hand Weapons
 a - a +1 long sword (weapon)
 b - a +0 hunting sling
 z - a +2 flail of draining
Missiles
 d - 3 throwing nets (quivered)
 m - 182 stones
 q - 15 sling bullets
Armour
 r - a +2 animal skin (worn)
 t - a +2 helmet (worn)
 x - a +2 cloak (worn)
Jewellery
 l - an amulet of magic regeneration (around neck)
 o - a ring of magical power (left claw)
 s - a ring of positive energy (right claw)
Wands
 u - a wand of disintegration (6)
Scrolls
 c - a scroll of fear
 i - 2 scrolls of remove curse
 n - a scroll of identify
 p - 4 scrolls of amnesia
Potions
 g - a potion of degeneration
 j - a potion of flight
 k - a potion of cancellation
 w - a potion of haste
Comestibles
 f - 8 rations
 A - 3 chunks of flesh


   Skills:
 + Level 6.4 Fighting
 * Level 8.6 Long Blades
 - Level 1.7 Throwing
 - Level 2.6 Dodging


You had 7 spell levels left.
You didn't know any spells.
Your spell library was empty.

Dungeon Overview and Level Annotations

Branches:
Dungeon (5/15)             Temple (0/1) D:4

Altars:
Ashenzari
Fedhas
Kikubaaqudgha
Makhleb
Nemelex Xobeh
Qazlal
Ru
Trog
The Shining One

Annotations:
D:4 1 runed door


Innate Abilities, Weirdness & Mutations

You have sharp fingernails.
You are partially covered in icy blue scales. (AC +2)


Message History

You are exhausted.
You feel yourself slow down.
Okay, then.
Okay, then.
You eat one of the 11 rations.
That ration really hit the spot!
* * * LOW HITPOINT WARNING * * *
You feel sick.
You eat one of the 10 rations.
That ration really hit the spot!
* * * LOW HITPOINT WARNING * * *
You feel sick.
You eat one of the 9 rations.
That ration really hit the spot!
* * * LOW HITPOINT WARNING * * *
You feel sick.
Your magical effects are unravelling.
You feel magically purged.
You feel less wooden.
Your +2 cloak unmelds from your body.
Your +2 helmet unmelds from your body.
Your +2 animal skin unmelds from your body.
You feel yourself speed up.
You feel a little less clever now.
You die...

... .. .. ##. #..##.≈..≈....
#.##≈≈≈..≈..≈≈.
#.#≈≈≈..≈..≈..≈ .#
#@#≈≈...≈.⌠≈..≈ .##
##)#≈≈..≈..≈⌠.≈. ..###
#..#≈≈..≈..≈..≈.
..<.###########.###≈...≈≈..≈..
..................##)......≈..
............###.#.##........≈≈
............###.#..#))........
..............................
##...........##....o..........


There were no monsters in sight!

Vanquished Creatures
  Sigmund (D:3)
  The ghost of braks the Shield-Bearer, an amateur OpFi (D:4)
  Menkaure (D:4)
  Edmund (D:4)
  An ogre (D:4)
  A bullfrog (D:4)
  2 scorpions (D:4)
  A crimson imp (D:4)
  A hound (D:5)
  11 orc wizards
  Crazy Yiuf (D:4)
  2 orc priests
  A jelly (D:4)
  Jessica (D:2)
  Terence (D:2)
  3 worker ants
  A hound skeleton (D:5)
  Robin (D:2)
  5 adders
  A river rat (D:4)
  An ooze (D:4)
  2 adder skeletons
  An adder zombie (D:5)
  2 worms
  3 leopard geckos
  14 orcs
  A ball python (D:4)
  A bat zombie (D:4)
  4 giant cockroaches
  11 goblins
  7 hobgoblins
  3 jackals
  A quokka (D:4)
  4 bats
  6 frilled lizards
  2 goblin skeletons (D:4)
  2 goblin zombies (D:4)
  4 hobgoblin zombies (D:4)
  5 kobolds
  2 kobold skeletons (D:4)
  A kobold zombie (D:4)
  An orc zombie (D:4)
  4 rats
  3 rat zombies (D:4)
  A fungus (D:4)
124 creatures vanquished.

Notes
Turn   | Place    | Note
-------+----------+-------------------------------------------
     0 | D:1      | chorionicmirror the Demonspawn Gladiator began the quest
                  | for the Orb.
     0 | D:1      | Reached XP level 1. HP: 16/16 MP: 1/1
   212 | D:1      | Reached skill level 3 in Long Blades
   272 | D:1      | Gained mutation: You are partially covered in icy blue
                  | scales. (AC +2) [demonic ancestry]
   272 | D:1      | Reached XP level 2. HP: 12/22 MP: 2/2
   722 | D:2      | Noticed Jessica
   732 | D:2      | Killed Jessica
   732 | D:2      | Reached XP level 3. HP: 15/28 MP: 3/3
   844 | D:2      | Noticed Robin
   850 | D:2      | Killed Robin
   903 | D:2      | Reached skill level 4 in Long Blades
   909 | D:2      | Reached XP level 4. HP: 13/34 MP: 4/4
  1376 | D:2      | Found a stormy altar of Qazlal.
  1377 | D:2      | Noticed a water elemental
  1393 | D:2      | Noticed an air elemental
  1396 | D:2      | Noticed a fire elemental
  1396 | D:2      | Noticed an earth elemental
  1404 | D:2      | Noticed Terence
  1418 | D:2      | Killed Terence
  1856 | D:3      | Found a sparkling altar of Nemelex Xobeh.
  2022 | D:3      | Found a blossoming altar of Fedhas.
  2032 | D:3      | Gained mutation: You have sharp fingernails. [demonic
                  | ancestry]
  2032 | D:3      | Reached XP level 5. HP: 31/41 MP: 5/5
  2092 | D:3      | Noticed Sigmund
  2108 | D:3      | Killed Sigmund
  2108 | D:3      | Reached skill level 5 in Long Blades
  2108 | D:3      | Reached XP level 6. HP: 16/48 MP: 6/6
  2369 | D:3      | Found a bloodstained altar of Trog.
  2514 | D:4      | Found a glowing golden altar of the Shining One.
  2629 | D:4      | Noticed Menkaure
  2635 | D:5      | Entered Level 5 of the Dungeon
  2888 | D:4      | Killed Menkaure
  2888 | D:4      | Reached skill level 6 in Long Blades
  2895 | D:4      | Found a shattered altar of Ashenzari.
  2925 | D:4      | Found a runed door.
  2937 | D:4      | Reached XP level 7. HP: 35/55 MP: 7/7
  3011 | D:4      | Reached skill level 5 in Fighting
  3298 | D:4      | Reached skill level 7 in Long Blades
  3317 | D:4      | Noticed braks's ghost (amateur OpFi)
  3332 | D:4      | Found a burning altar of Makhleb.
  3332 | D:4      | Noticed a balrug
  3335 | D:4      | Noticed an orange demon
  3335 | D:4      | Noticed an orange demon
  3337 | D:4      | Became a worshipper of Makhleb the Destroyer
  3353 | D:4      | Found a staircase to the Ecumenical Temple.
  3493 | D:4      | Found a runed door.
  3516 | D:4      | Killed braks's ghost
  3522 | D:4      | Reached XP level 8. HP: 23/63 MP: 8/8
  3545 | D:4      | Noticed Edmund
  3555 | D:4      | Killed Edmund
  4132 | D:4      | Found an ancient bone altar of Kikubaaqudgha.
  4165 | D:4      | Reached skill level 8 in Long Blades
  4186 | D:4      | Found a sacrificial altar of Ru.
  4262 | D:4      | Found a runed door.
  4266 | D:4      | Noticed Crazy Yiuf
  4271 | D:4      | Killed Crazy Yiuf
  4689 | D:5      | HP: 7/145 [poisoned by a worker ant]
  4695 | D:5      | HP: 5/145 [poisoned by a worker ant]
  4701 | D:5      | HP: 2/97 [poisoned by a worker ant]
  4704 | D:5      | Succumbed to a worker ant's poison

Vault maps used:
D:1:      saegor_arrival_miasma
D:2:      nicolae_qazlal_style_of_elements, uniq_robin, uniq_terence,
          uniq_jessica
D:3:      marbit_many_paths, lemuel_crystal_altar, fedhas_altar_3, uniq_sigmund
D:4:      kennysheep_little_box, lemuel_zombie_altar_kikubaaqudgha,
          ashenzari_altar_1, nicolae_tso_besieged_by_evil,
          minmay_temple_entry_butterflies, ebering_ghost_sewer_f, first_ration,
          makhleb_altar_promises_db, uniq_crazy_yiuf_cottage, uniq_edmund,
          uniq_menkaure
D:5:      cheibrodos_helix_gallery, grunt_ministairs_14

Skill      XL: |  1  2  3  4  5  6  7  8 |
---------------+-------------------------+-----
Long Blades    | 3 4 5 6 7 8 |  8.6
Fighting       | 3 4 5 6 |  6.4
Throwing       | |  1.7
Dodging        | |  2.6

Action                   |  1- 3 |  4- 6 |  7- 9 || total
-------------------------+-------+-------+-------++-------
Melee: Long sword        |    92 |   146 |   229 ||   467
 Fire: Hunting sling     |     4 |       |     3 ||     7
  Use: Scroll            |     4 |     7 |       ||    11
       Potion            |     2 |     1 |     7 ||    10
 Stab: Sleeping          |       |     1 |       ||     1
  Eat: Chunk             |       |     6 |       ||     6
       Ration            |       |     1 |     4 ||     5
Armor: Leather armour    |    24 |       |       ||    24
       Animal skin       |    11 |    67 |   103 ||   181
       Skin              |       |       |    13 ||    13
Dodge: Dodged            |    65 |   106 |   129 ||   300
       Rpst.: Long sword |    17 |    35 |    48 ||   100

Table legend:
 A = Non-vault XP
 B = Vault XP
 C = Vault XP percentage of total XP
 D = Non-vault monster count
 E = Vault monster count
 F = Vault count percentage of total count
                 A         B        C        D         E       F
            +---------+---------+-------+---------+---------+-------
      Total |    1138 |    1069 |  48.4 |      81 |      42 |  34.1
            +---------+---------+-------+---------+---------+-------
        D:1 |      20 |       0 |   0.0 |      13 |       0 |   0.0
        D:2 |      25 |     106 |  80.9 |      11 |      13 |  54.2
        D:3 |      53 |     210 |  79.8 |      12 |       2 |  14.3
        D:4 |     740 |     715 |  49.1 |      30 |      25 |  45.5
        D:5 |     300 |      38 |  11.2 |      15 |       2 |  11.8
            +---------+---------+-------+---------+---------+-------
